 Dungeon Crawl Stone Soup version 0.25-a0-253-g6f1b5d974a (webtiles) character file.

Game seed: 6295331522285174230, levelgen mode: deterministic

9 Lanoc the Charlatan (level 2, 0/16 HPs)
             Began as a Gargoyle Artificer on Dec 5, 2019.
             Slain by a worm (9 damage)
             ... on level 2 of the Dungeon.
             The game lasted 00:00:47 (644 turns).

Lanoc the Charlatan (Gargoyle Artificer)             Turns: 644, Time: 00:00:47

Health: 0/16       AC:  5    Str: 15    XL:     2   Next: 12%
Magic:  4/4        EV: 12    Int: 11    God:
Gold:   39         SH:  0    Dex: 14    Spells: 1/1 levels left

rFire    . . .     SeeInvis .   a - +0 short sword
rCold    . . .     Gourm    .   (no shield)
rNeg     + . .     Faith    .   b - +0 leather armour
rPois    ∞         Spirit   .   (no helmet)
rElec    +         Reflect  .   (no cloak)
rCorr    .         Harm     .   (no gloves)
MR       .....                  (no boots)
Stlth    +.........             (no amulet)
HPRegen  0.05/turn              i - +4 ring of dexterity
MPRegen  0.09/turn              (no ring)

@: no status effects
A: negative energy resistance 1, electricity resistance, unbreathing,
petrification resistance, rot immunity, AC +2
a: no special abilities


You were on level 2 of the Dungeon.
You were not hungry.

You visited 1 branch of the dungeon, and saw 2 of its levels.

You collected 39 gold pieces.

Inventory:

Hand Weapons
 a - a +0 short sword (weapon)
Missiles
 g - 38 arrows
 j - 56 stones (quivered)
Armour
 b - a +0 leather armour (worn)
Jewellery
 i - a +4 ring of dexterity (left hand)
Wands
 c - a wand of flame (15)
 d - a wand of enslavement (15)
 e - a wand of random effects (15)
Scrolls
 h - a scroll of enchant armour {unknown}
 k - 2 scrolls of identify {unknown}
Potions
 l - a potion of mutation {unknown}
Comestibles
 f - 2 rations


   Skills:
 + Level 1.5 Fighting
 - Level 0.8 Short Blades
 + Level 0.7 Armour
 + Level 1.7 Dodging
 - Level 1.1 Stealth
 + Level 2.8 Evocations


You had one spell level left.
You didn't know any spells.
Your spell library was empty.

Dungeon Overview and Level Annotations

Branches:
Dungeon (2/15)

Altars:


Innate Abilities, Weirdness & Mutations

You are resistant to torment.
Your stone body is resilient. (AC +2)
You are immune to poison.
You resist negative energy. (rN+)
You are resistant to electric shocks. (rElec)
You can survive without breathing.
You are immune to petrification.
You are immune to rotting.


Message History

The rat bites you but does no damage.
You hit the rat but do no damage.
The rat is moderately wounded.
The rat bites you but does no damage.
You hit the rat.
You kill the rat!
The worm bites you but does no damage.
You hit the worm but do no damage. The worm bites you but does no damage.
You completely miss the worm. You barely miss the worm.
The worm closely misses you.
You hit the worm.
The worm is moderately wounded.
The worm bites you.
You hit the worm.
The worm is heavily wounded.
You hit the worm.
The worm is severely wounded.
The worm bites you!
Ouch! That really hurt!
You die...

# #. ###
##.#######.##
##...#.....#.#
#...w@.####.##
...#...#.# #.#
#.....>.# #<#
####.#### #.#
#. #.# #+ #.#
#.# #.. ###


You could see a worm.

Vanquished Creatures
  A bat (D:1)
  A giant cockroach (D:1)
  2 hobgoblins (D:1)
  A frilled lizard (D:1)
  A kobold (D:1)
  3 rats
9 creatures vanquished.

Notes
Turn   | Place    | Note
-------+----------+-------------------------------------------
     0 | D:1      | Lanoc the Gargoyle Artificer began the quest for the Orb.
     0 | D:1      | Reached XP level 1. HP: 12/12 MP: 2/2
   361 | D:1      | Reached XP level 2. HP: 16/16 MP: 4/4
   644 | D:2      | Slain by a worm

Levels and vault maps discovered:
D:1:      minmay_arrival_four_circles, layout_basic
D:2:      layout_loops_corners

Action                   || total
-------------------------++-------
Melee: Short sword       ||    37
 Stab: Sleeping          ||     1
Armor: Leather armour    ||    17
Dodge: Dodged            ||    17

Table legend:
 A = Non-vault XP
 B = Vault XP
 C = Vault XP percentage of total XP
 D = Non-vault monster count
 E = Vault monster count
 F = Vault count percentage of total count
                 A         B        C        D         E       F
            +---------+---------+-------+---------+---------+-------
      Total |      13 |       0 |   0.0 |       9 |       0 |   0.0
            +---------+---------+-------+---------+---------+-------
        D:1 |      12 |       0 |   0.0 |       8 |       0 |   0.0
        D:2 |       1 |       0 |   0.0 |       1 |       0 |   0.0
            +---------+---------+-------+---------+---------+-------
